 Dungeon Crawl Stone Soup version 0.22-a0 (webtiles) character file.

13820 Kurtz the Thaumaturge (level 12, -7/59 HPs)
             Began as a Kobold Ice Elementalist on Jan 1, 2018.
             Was an Elder of Vehumet.
             Mangled by a death yak (9 damage)
             ... on level 9 of the Dungeon.
             The game lasted 00:49:05 (19691 turns).

Kurtz the Thaumaturge (Kobold Ice Elementalist)    Turns: 19691, Time: 00:49:05

Health: -7/59      AC: 13    Str:  5    XL:     12   Next: 37%
Magic:  5/27       EV: 19    Int: 26    God:    Vehumet [****..]
Gold:   600        SH:  0    Dex: 15    Spells: 20/34 levels left

rFire    . . .     SeeInvis .   C - +1 whip (venom)
rCold    . . .     Gourm    .   (shield restricted)
rNeg     . . .     Faith    .   a - +0 robe
rPois    .         Spirit   .   w - +0 helmet
rElec    .         Reflect  .   J - scarf {cloud immunity}
rCorr    .         Harm     .   O - +0 pair of gloves
MR       +....                  f - +0 pair of boots
Stlth    +++.......             (no amulet)
HPRegen  0.19/turn              M - +4 ring of intelligence
MPRegen  0.20/turn              r - ring of protection from magic

@: icy armour, slow
A: small, carnivore
a: Renounce Religion


You were on level 9 of the Dungeon.
You worshipped Vehumet.
Vehumet was greatly pleased with you.
You were not hungry.

You visited 2 branches of the dungeon, and saw 11 of its levels.
You also visited: Sewer.

You collected 712 gold pieces.
You spent 112 gold pieces at shops.

Inventory:

Hand Weapons
 d - a +0 short sword
 l - a +0 short sword of freezing
 C - a +1 whip of venom (weapon)
Armour
 a - a +0 robe (worn)
 f - a +0 pair of boots (worn)
 w - a +0 helmet (worn)
 F - a +0 cloak
 J - a scarf of cloud immunity (worn)
 O - a +0 pair of gloves (worn)
Jewellery
 j - an uncursed ring of protection from fire
 p - an uncursed ring of positive energy
 r - a ring of protection from magic (right hand)
 B - a +3 ring of evasion
 M - a +4 ring of intelligence (left hand)
 P - an uncursed ring of see invisible
 Q - an uncursed ring of poison resistance
Wands
 g - a wand of digging (13)
 k - a wand of enslavement (11)
 z - a wand of random effects (39)
 D - a wand of iceblast (7)
 G - a wand of paralysis (20)
Scrolls
 h - a scroll of teleportation
 i - 2 scrolls of magic mapping
 m - a scroll of holy word
 n - 2 scrolls of remove curse
 q - 4 scrolls of enchant weapon
 x - a scroll of fog
 y - 2 scrolls of identify
 A - 3 scrolls of enchant armour
Potions
 b - 2 potions of haste
 e - 9 potions of curing
 o - 3 potions of invisibility
 s - 5 potions of heal wounds
 t - 2 potions of flight
 u - a potion of agility
 v - a potion of degeneration
 E - 2 potions of brilliance
 H - 2 potions of might
 K - a potion of magic
 N - a potion of lignification
Books
 I - a book of Cantrips

   Spells                             Type                      Level
   a - Confusing Touch                Hexes                        1
   b - Animate Skeleton               Necromancy                   1
   c - Summon Small Mammal            Summoning                    1
   d - Apportation                    Translocation                1
Comestibles
 c - 20 rations


   Skills:
 * Level 7.2 Dodging
 - Level 4.0 Stealth
 * Level 11.7 Spellcasting
 * Level 8.3 Conjurations
 * Level 11.7 Ice Magic


You had 20 spell levels left.
You knew the following spells:

 Your Spells              Type           Power        Failure   Level  Hunger
a - Freeze                Ice            ####         1%          1    None
b - Throw Frost           Conj/Ice       ######       1%          2    None
c - Ozocubu's Armour      Chrm/Ice       #####...     1%          3    None
d - Throw Icicle          Conj/Ice       ######..     1%          4    None
e - Summon Ice Beast      Ice/Summ       #####...     3%          4    None


Dungeon Overview and Level Annotations

Branches:
Dungeon (10/15)            Temple (1/1) D:4             Orc (0/2) D:9
   Lair: D:8-11

Altars:
Cheibriados
Dithmenos
Elyvilon
Fedhas
Gozag
Hepliaklqana
Kikubaaqudgha
Makhleb
Nemelex Xobeh
Okawaru
Qazlal
Ru
Sif Muna
Trog
Uskayaw
Vehumet
Xom
Yredelemnul
Zin
The Shining One

Shops:
D:10 !

Annotations:
D:7 crawlcharacter's ghost, novice MiBe


Innate Abilities, Weirdness & Mutations

You are small and have problems with some larger weapons.
You are carnivorous and can eat meat at any time.


Message History

Aim: a death yak (almost dead, poisoned)
The shard of ice hits the death yak.
The death yak is almost dead.
The death yak barely misses you.
Items here: )) [[ a ring mail; a dagger; a ring mail; a dagger You see here a whip.
The death yak gores you!
* * * LOW HITPOINT WARNING * * *
Unknown command.
Throwing (i - inventory):
L - a throwing net (quivered)
Press: ? - help, Shift-Dir - straight line, f/p - death yak
Aim: a death yak (almost dead, poisoned)
You throw a throwing net.
The throwing net barely misses the death yak.
The death yak closely misses you.
You feel much better. The death yak gores you!!
* * * LOW HITPOINT WARNING * * *
The death yak gores you!
You die...

..#.# #.........##)##........####
#.#.# #.........#...#............
÷...# #......[>..#.#..##.###...##
..### #####.)>#.#........# #...#
######## ##.##.##.##.#### #...#
.......#####.##..........###...##
....)........#####.......#.......
.......####..#####.............#.
........(....[)Y@........#.#..)#.
.......####.######.......#.##....
............# #.........##..#.
.......###### #...(...#.##..#.
######## ###.##..........
#.#####....... #.#####.##..#.
#.#.(.#÷##.... #.....(.##.##.


You could see a death yak.

Vanquished Creatures
  Snorg (D:10)
  3 death yaks
  2 two-headed ogres
  Joseph (D:10)
  Psyche (D:9)
  A gargoyle (D:9)
  A troll (D:9)
  2 hornets
  2 hippogriffs
  Sigmund (D:4)
  A wyvern (D:9)
  5 yaks
  2 hogs (D:8)
  A human (D:8)
  A hungry ghost (D:9)
  2 sky beasts
  2 black bears (D:9)
  5 ice beasts
  3 orc warriors
  2 phantoms
  9 ogres
  A centaur (D:9)
  4 big kobolds (Sewer)
  3 bullfrogs
  3 gnoll sergeants
  3 scorpions
  5 killer bees
  12 wights
  An electric eel (D:6)
  5 howler monkeys
  2 centaur zombies
  4 crimson imps
  2 centaur skeletons
  A bullfrog skeleton (D:9)
  5 hounds
  5 orc priests
  6 orc wizards
  A gnoll shaman (D:6)
  3 iguanas
  Natasha (thrice) (D:4)
  7 worker ants
  A hound skeleton (D:6)
  Robin (D:3)
  19 gnolls
  12 adders
  2 shadow imps
  3 oozes
  An adder skeleton (D:2)
  2 adder zombies
  3 worms
  6 dart slugs
  7 leopard geckos
  34 orcs
  9 giant cockroaches
  13 goblins
  6 hobgoblins
  7 jackals
  4 quokkas
  4 ball pythons
  19 bats
  8 frilled lizards
  17 kobolds
  A leopard gecko skeleton (D:5)
  A quokka skeleton (D:6)
  13 rats
317 creatures vanquished.

Vanquished Creatures (collateral kills)
  A two-headed ogre (D:10)
  A death yak (D:9)
  A hungry ghost (D:8)
  A yak (D:10)
  2 hogs (D:8)
  A bullfrog zombie (D:7)
  A bullfrog skeleton (D:7)
  A gnoll (D:10)
  2 shadow imps
  A leopard gecko skeleton (D:5)
  A plant (D:6)
13 creatures vanquished.

Vanquished Creatures (others)
  2 plants (D:6)
2 creatures vanquished.

Grand Total: 332 creatures vanquished

Notes
Turn   | Place    | Note
-------+----------+-------------------------------------------
     0 | D:1      | Kurtz the Kobold Ice Elementalist began the quest for the Orb.
     0 | D:1      | Reached XP level 1. HP: 10/10 MP: 3/3
   283 | D:1      | Reached XP level 2. HP: 14/15 MP: 0/5
   336 | D:1      | Learned a level 2 spell: Throw Frost
  1341 | D:2      | Reached XP level 3. HP: 15/19 MP: 6/6
  1346 | D:2      | Learned a level 3 spell: Ozocubu's Armour
  2226 | D:2      | Reached XP level 4. HP: 24/24 MP: 5/8
  3097 | D:3      | Reached XP level 5. HP: 28/28 MP: 0/9
  3164 | D:3      | Found a glowing drain.
  3168 | Sewer    | Entered a sewer
  3695 | Sewer    | Noticed a big kobold
  3695 | Sewer    | Noticed a big kobold
  3696 | Sewer    | Noticed a big kobold
  3712 | Sewer    | Killed a big kobold
  3712 | Sewer    | Reached XP level 6. HP: 32/32 MP: 0/11
  3732 | Sewer    | Reached skill level 5 in Ice Magic
  4001 | Sewer    | Reached XP level 7. HP: 31/36 MP: 4/14
  4280 | D:3      | Noticed Robin
  4671 | D:3      | Killed Robin
  5472 | D:4      | Noticed Natasha
  5478 | D:4      | Killed Natasha
  5478 | D:4      | Reached skill level 5 in Spellcasting
  5671 | D:4      | Noticed Sigmund
  5678 | D:4      | Killed Sigmund
  5685 | D:4      | Reached XP level 8. HP: 32/41 MP: 1/16
  6438 | D:4      | Noticed Natasha
  6452 | D:4      | Killed Natasha
  6495 | D:4      | Noticed Natasha
  6499 | D:4      | Killed Natasha
  7505 | D:4      | Found a bloodstained altar of Trog.
  7505 | D:4      | Found a sparkling altar of Nemelex Xobeh.
  7535 | D:4      | Found a staircase to the Ecumenical Temple.
  7543 | Temple   | Entered the Ecumenical Temple
  7626 | Temple   | Became a worshipper of Vehumet
  7910 | D:5      | Entered Level 5 of the Dungeon
  8179 | D:5      | Reached XP level 9. HP: 45/45 MP: 8/19
  8398 | D:5      | Learned a level 4 spell: Throw Icicle
  8403 | D:5      | Learned a level 4 spell: Summon Ice Beast
  8577 | D:5      | Found a bloodstained altar of Trog.
  9637 | D:6      | Reached * piety under Vehumet
  9637 | D:6      | Offered knowledge of Magic Dart by Vehumet.
  9858 | D:6      | Found a basalt altar of Yredelemnul.
  9859 | D:6      | Found an iron altar of Okawaru.
 10290 | D:7      | Noticed crawlcharacter's ghost (novice MiBe)
 10886 | D:7      | Found a white marble altar of Elyvilon.
 11548 | D:7      | Reached XP level 10. HP: 50/50 MP: 2/22
 11734 | D:7      | Offered knowledge of Sting by Vehumet.
 13075 | D:7      | HP: 2/50 [ice beast (12)]
 13077 | D:7      | Reached skill level 5 in Conjurations
 13402 | D:8      | Reached ** piety under Vehumet
 13402 | D:8      | Reached skill level 5 in Dodging
 15020 | D:8      | Offered knowledge of Inner Flame by Vehumet.
 15033 | D:8      | Noticed a two-headed ogre
 15066 | D:8      | Killed a two-headed ogre
 15066 | D:8      | Reached skill level 10 in Ice Magic
 15066 | D:8      | Reached XP level 11. HP: 54/54 MP: 5/24
 15295 | D:9      | Found an opulent altar of Gozag.
 15462 | D:9      | Reached skill level 10 in Spellcasting
 15686 | D:9      | Reached *** piety under Vehumet
 16206 | D:9      | Offered knowledge of Fulminant Prism by Vehumet.
 16348 | D:9      | Found a staircase to the Orcish Mines.
 16484 | D:9      | Noticed Psyche
 16487 | D:9      | Killed Psyche
 16885 | D:9      | Noticed a two-headed ogre
 16890 | D:9      | Killed a two-headed ogre
 17174 | D:9      | Found a glowing silver altar of Zin.
 17265 | D:10     | Entered Level 10 of the Dungeon
 17274 | D:9      | Reached **** piety under Vehumet
 17761 | D:10     | Noticed a two-headed ogre
 17763 | D:10     | Noticed Snorg
 17966 | D:10     | Offered knowledge of Bolt of Magma by Vehumet.
 18049 | D:10     | Noticed a death yak
 18087 | D:10     | Noticed Joseph
 18363 | D:10     | Killed a two-headed ogre
 18384 | D:10     | Killed Snorg
 18385 | D:10     | Noticed a death yak
 18386 | D:10     | Noticed a death yak
 18387 | D:10     | Noticed a death yak
 18534 | D:10     | Reached XP level 12. HP: 50/59 MP: 9/27
 18717 | D:9      | Killed a death yak
 18867 | D:9      | Killed a death yak
 18993 | D:10     | Killed Joseph
 19141 | D:10     | Noticed a death yak
 19144 | D:10     | Noticed a death yak
 19144 | D:10     | Noticed a death yak
 19188 | D:9      | Killed a death yak
 19568 | D:10     | Found Baovuapn's Distillery.
 19576 | D:10     | Bought a potion of invisibility for 112 gold pieces
 19618 | D:10     | Killed a death yak
 19690 | D:9      | HP: 2/59 [death yak (25)]
 19691 | D:9      | Mangled by a death yak

Vault maps used:
D:1:      saegor_arrival_simple_a, serial_bayou_pond_a, minivault_25
D:2:      minmay_rat_gold_closets
D:3:      gup_sewer_entry_spiral, uniq_robin
D:4:      amethyst_overflow_temple_binary, minmay_temple_entry_enclosed_plants,
          uniq_natasha, uniq_sigmund
D:5:      basic_altar, first_ration
D:6:      chequers_temple_overflow_statue_of_worship, serial_bayou,
          serial_bayou_pond_e, serial_bayou_ford_a, serial_bayou_pond_c,
          serial_bayou_lagoon_a, serial_bayou_crossing
D:7:      lemuel_crystal_altar
D:8:      grunt_livestock, grunt_ministairs_11, grunt_decor_clamped
D:9:      grunt_gozag_statues, hiddenorc1_lemuel, basic_altar, uniq_psyche
D:10:     dpeg_lair_monsters, serial_shops, shop, hangedman_decor_push,
          uniq_joseph, uniq_snorg
Temple:   nicolae_temple_elliptical
Sewer:    kennysheep_pipe_town

Skill      XL: |  1  2  3  4  5  6  7  8  9 10 11 12 |
---------------+-------------------------------------+-----
Stealth        | 3 4 |  4.0
Ice Magic      | 4 5 6 7 8 10 11 | 11.7
Spellcasting   | 3 4 5 6 8 9 11 | 11.7
Conjurations   | 2 3 4 6 7 8 |  8.3
Dodging        | 3 4 5 6 7 |  7.2

Action                   |  1- 3 |  4- 6 |  7- 9 | 10-12 || total
-------------------------+-------+-------+-------+-------++-------
Melee: Short sword       |    38 |    94 |   100 |       ||   232
       Whip              |       |       |   168 |    58 ||   226
Throw: Throwing net      |       |       |       |     1 ||     1
 Cast: Freeze            |    17 |    54 |    71 |     5 ||   147
       Throw Frost       |    22 |    18 |    89 |    36 ||   165
       Ozocubu's Armour  |       |     4 |    32 |    21 ||    57
       Throw Icicle      |       |       |    35 |   234 ||   269
       Summon Ice Beast  |       |       |    13 |    15 ||    28
Evoke: Wand              |       |       |     1 |    29 ||    30
  Use: Potion            |     1 |     3 |     1 |     2 ||     7
       Scroll            |       |     5 |     1 |    17 ||    23
 Stab: Sleeping          |     3 |     5 |     4 |       ||    12
       Distracted        |       |       |     1 |     1 ||     2
  Eat: Chunk             |    14 |     7 |    30 |    29 ||    80
Armor: Robe              |    13 |    35 |    73 |    23 ||   144
       Skin              |       |    69 |       |       ||    69
Dodge: Dodged            |    46 |   137 |   269 |   131 ||   583

Table legend:
 A = Spawn XP
 B = Non-spawn XP
 C = Spawn XP percentage of total XP
 D = Spawn monster count
 E = Non-spawn monster count
 F = Spawn count percentage of total count
 G = Total turns spent on level
                    A         B        C        D         E        F      G
               +---------+---------+-------+---------+---------+-------+---------
         Total |       0 |   19743 |   0.0 |       0 |     329 |   0.0 | 19691
               +---------+---------+-------+---------+---------+-------+---------
           D:1 |       0 |      23 |   0.0 |       0 |      14 |   0.0 |  1039
           D:2 |       0 |      78 |   0.0 |       0 |      34 |   0.0 |  1904
           D:3 |       0 |     189 |   0.0 |       0 |      44 |   0.0 |  1859
           D:4 |       0 |    1078 |   0.0 |       0 |      32 |   0.0 |  2092
           D:5 |       0 |     830 |   0.0 |       0 |      17 |   0.0 |   868
           D:6 |       0 |     634 |   0.0 |       0 |      16 |   0.0 |  2862
           D:7 |       0 |    1670 |   0.0 |       0 |      38 |   0.0 |  1700
           D:8 |       0 |    2901 |   0.0 |       0 |      32 |   0.0 |  2051
           D:9 |       0 |    7381 |   0.0 |       0 |      51 |   0.0 |  3909
          D:10 |       0 |    4527 |   0.0 |       0 |      27 |   0.0 |   391
         Sewer |       0 |     432 |   0.0 |       0 |      24 |   0.0 |   916
               +---------+---------+-------+---------+---------+-------+---------
